AoeStats
← FedeSanta

Black Forest

509577342Analyzed
3v3 RM · 4d ago on Sep 27, 2026· 40m 5s· 6 players
Game mode
Random Map
Map size
Normal (6 player)
Population
200
Speed
Normal
Resources
Standard
Victory
Conquest
Starting age
Dark Age
Ending age
Imperial Age
RankedLock teamsTeams togetherTeam positionsShared explorationLock speedFull tech treeHidden civsTurbo modeCheats
Victory
Defeat
🇵🇰 Goths · Pakistan
804
+4
🇲🇽 Spanish · Mexico
744
+5
🇮🇹 Romans · Italy
497
+11
🇧🇪 Goths · Belgium
476
-8
🇵🇱 Teutons · Poland
419
-7
🇲🇽 Sicilians · Mexico
405
-5
cartofel22
3:00 Loom
11:54 Feudal Age
20:19 Castle Age
20:10 Stone Mining
20:03 Horse Collar
20:13 Double-Bit Axe
27:09 Caravan
27:40 Coinage
33:23 Imperial Age
34:04 Ironclad
34:12 Fortified Wall
35:07 Chemistry
34:55 Onager
36:50 Conscription
36:49 Gold Mining
37:35 Stone Shaft Mining
37:36 Banking
38:08 Ballistics
38:29 Bow Saw
39:31 Guilds
eduardolucifer30
0:32 Loom
10:59 Feudal Age
14:47 Wheelbarrow
14:32 Horse Collar
18:37 Gold Mining
21:45 Scale Mail Armor
27:21 Castle Age
25:56 Forging
28:16 Padded Archer Armor
28:07 Fletching
27:42 Crossbowman
30:04 Chain Mail Armor
29:49 Stone Mining
31:49 Gold Shaft Mining
34:07 Leather Archer Armor
35:54 Hand Cart
35:40 Double-Bit Axe
37:44 Murder Holes
37:52 Light Cavalry
38:43 Bloodlines
38:34 Husbandry
New Player
11:31 Feudal Age
12:02 Double-Bit Axe
12:01 Horse Collar
13:17 Wheelbarrow
24:26 Castle Age
25:51 Caravan
26:37 Hand Cart
28:13 Bow Saw
32:40 Anarchy
33:42 Squires
37:16 Imperial Age
Said664TJ
8:27 Loom
12:18 Feudal Age
12:59 Double-Bit Axe
17:24 Castle Age
16:28 Horse Collar
18:29 Bow Saw
18:56 Wheelbarrow
18:16 Gold Mining
20:43 Heavy Plow
21:45 Hand Cart
22:11 Stone Mining
24:35 Caravan
26:58 Ballistics
31:03 Imperial Age
30:56 Stone Shaft Mining
30:27 Scale Mail Armor
30:38 Forging
30:31 Padded Archer Armor
30:21 Fletching
30:12 Pikeman
31:17 Halberdier
31:58 Squires
32:37 Town Watch
32:45 Elite Skirmisher
34:25 Iron Casting
34:05 Chain Mail Armor
33:46 Bodkin Arrow
34:55 Chemistry
35:22 Town Patrol
36:29 Blast Furnace
35:45 Leather Archer Armor
36:54 Two-Man Saw
37:32 Heavy Mounted Crossbowman
38:16 Bracer
38:46 Plate Mail Armor
38:22 Scale Barding Armor
38:49 Coinage
38:53 Elite Conquistador
FedeSanta
0:32 Loom
12:53 Feudal Age
13:56 Double-Bit Axe
14:00 Horse Collar
14:31 Gold Mining
16:16 Stone Mining
17:35 Man-at-Arms
19:30 Wheelbarrow
22:42 Castle Age
24:42 Coinage
24:14 Caravan
28:06 Bow Saw
29:21 Fortified Wall
31:36 Gold Shaft Mining
31:06 Heavy Plow
34:28 Imperial Age
32:37 Squires
32:54 Masonry
33:34 Long Swordsman
33:35 Pikeman
34:34 Forging
34:24 Scale Mail Armor
35:06 Ballistics
35:36 Conscription
36:44 Chemistry
35:44 Capped Ram
38:20 Banking
38:05 Murder Holes
38:52 Ballistas
40:01 Elite Centurion
Juicee
0:27 Loom
14:40 Feudal Age
16:51 Double-Bit Axe
16:50 Horse Collar
20:12 Gold Mining
20:13 Stone Mining
21:20 Forging
21:11 Scale Mail Armor
24:30 Castle Age
22:45 Fletching
23:30 Padded Archer Armor
24:29 Man-at-Arms
27:48 Wheelbarrow
26:58 Town Watch
27:52 Bow Saw
30:04 Squires
30:11 Pikeman
31:28 Iron Casting
32:14 Hand Cart
33:39 Town Patrol
34:00 Anarchy
39:09 Imperial Age
37:17 Coinage
37:29 Chain Mail Armor
36:48 Long Swordsman
37:39 Murder Holes
38:06 Ballistics
37:57 Masonry
37:28 Treadmill Crane
37:46 Bodkin Arrow
39:22 Elite Huskarl
40:03 Perfusion
40:24 Conscription
39:29 Two-Handed Swordsman
39:30 Halberdier
Connection lost

Rejoining the realm…

Still unreachable

The connection could not be restored.

Session expired

The server has moved on; the page needs a fresh start.